 Dungeon Crawl Stone Soup version 0.26-a0-812-g31a745ddcd (webtiles) character file.

Game seed: 7855448207786256080

179620 robertstho the Executioner (level 17, -10/166 HPs)
             Began as a Minotaur Berserker on Nov 13, 2020.
             Was the Champion of Trog.
             Killed from afar by a deep elf high priest (30 damage)
             ... with damnation
             ... on level 3 of the Elven Halls.
             The game lasted 00:55:37 (34371 turns).

robertstho the Executioner (Minotaur Berserker)    Turns: 34371, Time: 00:55:38

Health: -10/166    AC: 21    Str: 34    XL:     17   Next: 61%
Magic:  7/7        EV: 18    Int:  7    God:    Trog [******]
Gold:   2091       SH:  5    Dex: 16    Spells: 16/16 levels left

rFire    + + +     SeeInvis .   X - +5 executioner's axe
rCold    + . .     Faith    .   (shield currently unavailable)
rNeg     + . .     Spirit   .   O - +4 chain mail {rF+}
rPois    .         Reflect  +   G - +1 hat
rElec    +         Harm     .   H - scarf {rC+ rF+}
rCorr    .         Rampage  .   U - +1 pair of gloves {Dex+3}
MR       +....                  E - +2 pair of boots of Giethuff {rF+}
Stlth    ..........             T - amulet of reflection
HPRegen  0.00/turn              Y - ring of the Scarab {rElec rN+ Stlth+}
MPRegen  0.10/turn              C - ring of Hileolu {MP-9 Str+6 Int+2 Dex+3}

@: berserk cooldown, slowed, very slow
A: retaliatory headbutt, horns 2, deformed body, deterioration 1, inhibited
regeneration
a: Berserk, Trog's Hand, Brothers in Arms, Renounce Religion


You were on level 3 of the Elven Halls.
You worshipped Trog.
Trog was exalted by your worship.
You visited 4 branches of the dungeon, and saw 25 of its levels.
You also visited: Gauntlet and Volcano.

You collected 3293 gold pieces.
You spent 1202 gold pieces at shops.

Inventory:

Hand Weapons
 n - the +6 battleaxe "Omex" {vorpal, Int+5}
   (Trog gifted it to you on level 10 of the Dungeon)

   It inflicts extra damage upon your enemies.
   It affects your intelligence (+5).
 p - a +6 vorpal broad axe
 t - the +5 morningstar "Omaha" {vorpal, rElec Int+3}
   (You took it off an orc knight on level 2 of the Orcish Mines)

   It inflicts extra damage upon your enemies.
   It affects your intelligence (+3).
   It insulates you from electricity.
 M - the +6 great mace "Goblinslayer" {vorpal, *Contam +Fly rN++ Dex-2}
   (Trog gifted it to you on level 11 of the Dungeon)

   It inflicts extra damage upon your enemies.
   It affects your dexterity (-2).
   It greatly protects you from negative energy.
   It lets you fly.
   It causes magical contamination when unequipped.
 N - a +0 battleaxe of flaming
 R - a +4 scimitar of flaming
 X - a +5 executioner's axe (weapon)
Missiles
 J - 21 silver javelins (quivered)
Armour
 D - a +4 scale mail of cold resistance
 E - the +2 pair of boots of Giethuff (worn) {rF+}
   (You found it in a Gauntlet)

   It protects you from fire.
 G - a +1 hat (worn)
 H - a scarf of resistance (worn)
 O - a +4 chain mail of fire resistance (worn)
 U - a +1 pair of gloves of dexterity (worn)
Jewellery
 d - an uncursed ring of see invisible
 o - an uncursed amulet of the acrobat
 v - the ring "Xuittot" {EV+4 Slay+2}
   (You took it off an orc on level 2 of the Orcish Mines)

   [ring of evasion]

   It affects your evasion (+4).
   It affects your accuracy and damage with ranged weapons and melee attacks
   (+2).
 C - the ring of Hileolu (right hand) {MP-9 Str+6 Int+2 Dex+3}
   (You found it in a Gauntlet)

   [ring of strength]

   It affects your strength (+6).
   It affects your intelligence (+2).
   It affects your dexterity (+3).
   It affects your magic capacity (-9).
 S - an uncursed ring of flight
 T - an amulet of reflection (around neck)
 Y - the ring of the Scarab (left hand) {rElec rN+ Stlth+}
   (You bought it in a shop on level 2 of the Elven Halls)

   [ring of positive energy]

   It insulates you from electricity.
   It protects you from negative energy.
   It makes you more stealthy.
 Z - an uncursed ring of poison resistance {unknown}
Wands
 q - a wand of iceblast (18)
 w - a wand of digging (8)
 x - a wand of paralysis (14)
 A - a wand of enslavement (6)
 K - a wand of flame (17)
 P - a wand of acid (32)
 V - a wand of disintegration (20)
Scrolls
 a - 3 scrolls of identify
 b - 7 scrolls of enchant armour
 c - 2 scrolls of summoning
 e - 7 scrolls of magic mapping
 i - 5 scrolls of immolation
 j - 8 scrolls of enchant weapon
 k - 14 scrolls of teleportation
 l - 8 scrolls of remove curse
 s - 3 scrolls of blinking
 y - 5 scrolls of fear
 z - 5 scrolls of fog
 W - 4 scrolls of holy word
Potions
 f - 6 potions of might
 h - 13 potions of curing
 m - 5 potions of ambrosia
 r - 8 potions of flight
 u - 4 potions of resistance
 B - 4 potions of cancellation
 F - a potion of heal wounds
 I - a potion of haste
 L - 3 potions of mutation
Miscellaneous
 g - a condenser vane
 Q - a phantom mirror


   Skills:
 * Level 18.4 Fighting
 * Level 23.0 Axes
 * Level 17.0 Armour
 * Level 12.2 Dodging
 + Level 2.3 Stealth
 + Level 0.8 Evocations


You had 16 spell levels left.
You didn't know any spells.
Your spell library was empty.

Dungeon Overview and Level Annotations

Branches:
Dungeon (14/15)            Temple (0/1) D:5            Lair (6/6) D:9
  Swamp (0/4) Lair:2       Shoals (0/4) Lair:2        Slime (0/5) Lair:6
    Orc (2/2) D:12            Elf (3/3) Orc:2        Vaults (0/5) D:13
Volcano (visited)         Gauntlet (visited)

Altars:
Ashenzari
Cheibriados
Fedhas
Gozag
Hepliaklqana
Okawaru
Ru
Trog
Uskayaw
Vehumet
Wu Jian
Xom
The Shining One
Beogh

Shops:
Orc:2 =[}!   Elf:2 *=:*

Annotations:
D:7 2 transporters, frogmoss10's ghost, novice OgIE


Innate Abilities, Weirdness & Mutations

You reflexively headbutt those who attack you in melee.
You have a pair of horns on your head.
Armour fits poorly on your strangely shaped body.
Your body sometimes deteriorates upon taking damage.
You do not regenerate when monsters are visible.


Message History

The deep elf high priest prays.
The deep elf master archer shoots an arrow.
The arrow hits you!!
* * * LOW HITPOINT WARNING * * *
The deep elf high priest prays.
The deep elf mage seems less brilliant.
The deep elf annihilator gestures wildly while chanting.
The deep elf annihilator blinks!
The deep elf mage is empowered by the deep elf high priest's aura!
The deep elf mage gestures wildly while chanting.
The deep elf mage blinks!
You block the small abomination's attack.
The deep elf high priest mumbles some strange prayers to its god against you.
Something smites you!
* * * LOW HITPOINT WARNING * * *
The deep elf mage casts a spell.
You block the small abomination's attack.
The deep elf high priest mumbles some strange prayers to its god against you.
The sphere of damnation explodes!
The damnation engulfs you!!
You die...

#.#.###.# #........(§.#
#(#.###.# #..#####e.§.#
#.#)....###..# ##.))).#.#
#.#.#.#.##...###(e))....#
#....###.......e).§..####
###.## ##....(e))....# ##(##
##.(#....##### #.## ##.x.e..#
##.## ##[@###### ##.## ##...#
##.###..#.# ######.#.###.#
#.....#.## #.####### #.....###
#[......# #.......#
#..####.########## ##.......#
#....<...........#
#........####)..###..#######.#


You could see a deep elf master archer, a deep elf annihilator (empowered), 2
deep elf high priests, a deep elf mage (empowered) and a small abomination.

Vanquished Creatures
  Jorgrun (Elf:1)
  Rupert (D:13)
  3 deep elf blademasters
  Gastronok (D:9)
  The ghost of Zonian the Martial Artist, an adept GnTm of Uskayaw (Orc:2)
  2 deep elf sorcerers (Elf:3)
  A cacodemon (Gauntlet)
  3 deep elf elementalists (Elf:3)
  A reaper (Gauntlet)
  2 deep elf demonologists
  2 deep elf annihilators (Elf:3)
  A red draconian (Volcano)
  A minotaur (Gauntlet)
  Nessos (D:13)
  Snorg (Lair:6)
  A deep elf death mage (Elf:1)
  Josephine (Lair:5)
  A deep elf high priest (Elf:3)
  The ghost of muata the Severer, a journeyman MiBe of Trog (D:11)
  An ice dragon (Lair:6)
  5 hydras
  2 boulder beetles
  A vault guard (D:13)
  The ghost of Maimakterion the Martial Artist, a journeyman OpTm of Gozag (D:11)
  Erica (Orc:1)
  3 centaur warriors
  4 catoblepae
  28 dancing weapons
  8 two-headed ogres
  A queen ant (Lair:2)
  An orc high priest (Elf:2)
  2 ogre magi
  Urug (D:13)
  4 death yaks
  17 deep elf knights
  2 skeletal warriors (D:11)
  3 unseen horrors
  9 deep elf archers
  2 wizards (D:13)
  5 lindwurms
  4 orc knights
  A necromancer (D:13)
  An oklob plant (Lair:6)
  4 orc sorcerers
  5 ugly things
  47 deep elf magi
  A cyclops (D:11)
  3 manticores
  Maurice (D:13)
  26 elephants
  A moth of wrath (shapeshifter) (Elf:1)
  7 black mambas
  2 merfolk sirens (Lair:2)
  A molten gargoyle (Volcano)
  15 cane toads
  A gargoyle (D:14)
  6 torpor snails (Lair:6)
  4 rime drakes
  2 minotaur zombies (Gauntlet)
  9 komodo dragons
  2 hellwings (Gauntlet)
  5 trolls
  A tengu conjurer (D:14)
  3 meliai (D:13)
  2 merfolk (Lair:2)
  3 polar bears
  3 tyrant leeches (Lair:6)
  8 hornets
  Prince Ribbit (D:9)
  20 blink frogs
  The ghost of mhtbhm the Cudgeller, an amateur GrBe of Trog (D:3)
  A meliai zombie (D:14)
  2 air elementals
  4 wraiths
  48 yaks
  21 humans (D:13)
  3 wyverns
  2 basilisks
  3 water elementals
  4 fire elementals
  Grum (D:11)
  5 fire bats (Volcano)
  4 vampire mosquitoes (Lair:2)
  A steam dragon (D:11)
  A warg (Orc:2)
  3 neqoxecs (Gauntlet)
  9 soldier ants
  An acid dragon (D:14)
  12 water moccasins
  3 black bears
  18 orc warriors
  2 hornet zombies
  2 ice beasts
  A phantom (D:11)
  16 ogres
  3 eyes of draining
  9 wolves
  3 centaurs
  A necrophage (D:12)
  6 big kobolds
  15 bullfrogs
  A wyvern zombie (D:9)
  4 earth elementals
  5 scorpions
  10 killer bees
  31 wights
  7 howler monkeys
  6 electric eels
  7 lava snakes (Volcano)
  3 bullfrog zombies (D:10)
  4 centaur zombies
  A quasit (D:10)
  5 hounds
  4 jellies
  A gnoll shaman (D:5)
  21 orc priests
  2 bullfrog skeletons
  5 centaur skeletons
  Jessica (D:2)
  5 iguanas
  32 orc wizards
  32 worker ants
  A bullfrog simulacrum (D:11)
  A hound skeleton (D:4)
  A howler monkey zombie (D:8)
  A worker ant zombie (D:5)
  10 adders
  8 gnolls
  A howler monkey skeleton (D:10)
  2 shadow imps (D:6)
  4 white imps
  2 ufetubi
  8 oozes
  An adder skeleton (D:9)
  An adder zombie (D:5)
  A worm (D:2)
  9 leopard geckos
  70 orcs
  11 bats
  2 giant cockroaches
  9 goblins
  14 hobgoblins
  15 jackals
  26 kobolds
  5 quokkas
  4 ball pythons
  6 frilled lizards
  A jackal zombie (D:8)
  A leopard gecko skeleton (D:6)
  A quokka skeleton (D:4)
  7 rats
  A plant (Lair:6)
932 creatures vanquished.

Vanquished Creatures (collateral kills)
  A dire elephant (Lair:2)
  A centaur warrior (D:11)
  2 death yaks (D:9)
  An orc high priest (Orc:2)
  2 orc knights (Orc:2)
  A manticore (D:14)
  An orc sorcerer (Orc:2)
  A centaur skeleton (D:14)
  A rime drake (Lair:2)
  2 cane toads (Lair:6)
  A troll (D:14)
  A slime creature (D:11)
  2 blink frogs (Lair:6)
  2 yaks (Lair:6)
  A wyvern (Lair:6)
  2 water moccasins
  An acid dragon (D:14)
  4 orc warriors (Orc:2)
  An ice beast (D:12)
  A bullfrog (D:9)
  4 wights (D:12)
  An orc wizard (Orc:2)
  3 orc priests (Orc:2)
  3 hell rats (D:9)
  3 river rats (D:9)
  3 orcs (Orc:2)
  A quokka (D:9)
  2 crawling corpses (Elf:3)
49 creatures vanquished.

Vanquished Creatures (others)
  A water elemental (Elf:1)
  21 demonic plants (Gauntlet)
  30 fungi
  62 plants
  5 toadstools (Lair:2)
  20 withered plants
139 creatures vanquished.

Grand Total: 1120 creatures vanquished

Notes
Turn   | Place    | Note
-------+----------+-------------------------------------------
     0 | D:1      | robertstho the Minotaur Berserker began the quest for the
                  | Orb.
     0 | D:1      | Reached XP level 1. HP: 19/19 MP: 0/0
   101 | D:1      | Reached skill level 4 in Axes
   101 | D:1      | Reached XP level 2. HP: 15/27 MP: 1/1
  1222 | D:2      | Found a blossoming altar of Fedhas.
  1306 | D:2      | Reached XP level 3. HP: 27/33 MP: 2/2
  1306 | D:2      | Reached ** piety under Trog
  1680 | D:2      | Noticed Jessica
  1692 | D:2      | Killed Jessica
  1692 | D:2      | Reached skill level 5 in Axes
  1692 | D:2      | Reached XP level 4. HP: 34/41 MP: 3/3
  1959 | D:3      | Found a transporter.
  2023 | D:3      | Reached *** piety under Trog
  2102 | D:3      | Found a sacrificial altar of Ru.
  2126 | D:3      | Reached XP level 5. HP: 44/47 MP: 4/4
  2287 | D:3      | Noticed mhtbhm's ghost (amateur GrBe)
  2328 | D:3      | Found a transporter.
  2693 | D:3      | Killed mhtbhm's ghost
  2693 | D:3      | Reached skill level 5 in Fighting
  2693 | D:3      | Reached skill level 6 in Axes
  2693 | D:3      | Reached XP level 6. HP: 56/56 MP: 5/5
  2803 | D:4      | Reached skill level 7 in Axes
  2807 | D:4      | Reached XP level 7. HP: 54/61 MP: 6/6
  2894 | D:4      | Found an ornate altar of the Wu Jian Council.
  3001 | D:4      | Reached **** piety under Trog
  3106 | D:4      | Reached skill level 5 in Armour
  3116 | D:4      | Reached skill level 8 in Axes
  3379 | D:5      | Entered Level 5 of the Dungeon
  3638 | D:5      | Found a shimmering altar of Xom.
  3710 | D:5      | Reached XP level 8. HP: 64/70 MP: 7/7
  3718 | D:5      | Found a staircase to the Ecumenical Temple.
  4160 | D:5      | Found an opulent altar of Gozag.
  4522 | D:6      | Reached skill level 9 in Axes
  4567 | D:6      | Found a snail-covered altar of Cheibriados.
  5469 | D:7      | Found an iron altar of Okawaru.
  5480 | D:7      | Reached ***** piety under Trog
  5501 | D:7      | Reached skill level 10 in Axes
  5664 | D:7      | Reached XP level 9. HP: 65/78 MP: 8/8
  5731 | D:7      | Found a transporter.
  5739 | D:7      | Found a transporter.
  5739 | D:7      | Noticed a moth of wrath
  5793 | D:7      | Noticed frogmoss10's ghost (novice OgIE)
  5802 | D:7      | Found a bloodstained altar of Trog.
  6076 | D:7      | Found a hazy altar of Hepliaklqana.
  6256 | D:7      | Reached skill level 5 in Dodging
  6264 | D:7      | Got a pair of distressingly furry boots
  6274 | D:7      | Identified the +1 pair of boots "Put-Me-On" {Int+8 Stlth+}
                  | (You found it on level 7 of the Dungeon)
  6832 | D:8      | Found a glowing golden altar of the Shining One.
  6833 | D:8      | Found a hide-covered altar of Uskayaw.
  6840 | D:8      | Found a broken altar of Ashenzari.
  6916 | D:8      | Found an ornate altar of the Wu Jian Council.
  7046 | D:8      | You fall into a shaft and drop 1 floor!
  7283 | D:9      | Noticed Gastronok
  7300 | D:9      | Killed Gastronok
  7300 | D:9      | Reached skill level 11 in Axes
  7300 | D:9      | Reached skill level 10 in Armour
  7300 | D:9      | Reached XP level 10. HP: 48/88 MP: 9/9
  7876 | D:9      | Reached skill level 12 in Axes
  7912 | D:9      | Noticed a death yak
  7914 | D:9      | Found a staircase to the Lair.
  7914 | D:9      | Noticed a death yak
  7914 | D:9      | Noticed a death yak
  7929 | D:9      | Killed a death yak
  7939 | D:9      | Killed a death yak
  7941 | D:9      | Killed a death yak
  8254 | D:9      | Noticed Prince Ribbit
  8270 | D:9      | Killed Prince Ribbit
  8645 | D:10     | Entered Level 10 of the Dungeon
  8651 | D:10     | Received a gift from Trog
  8651 | D:10     | Reached skill level 13 in Axes
  8838 | D:10     | Noticed an unseen horror
  8861 | D:10     | Killed an unseen horror
  8861 | D:10     | Reached XP level 11. HP: 69/97 MP: 10/10
  9622 | D:10     | Noticed a two-headed ogre
  9632 | D:10     | Killed a two-headed ogre
  9984 | D:11     | Noticed a brown ugly thing
  9996 | D:11     | Killed a brown ugly thing
 10194 | D:11     | Reached skill level 10 in Fighting
 10194 | D:11     | Reached skill level 14 in Axes
 10290 | D:11     | Noticed Grum
 10303 | D:11     | Killed Grum
 10422 | D:11     | Received a gift from Trog
 10425 | D:11     | Got a faintly glowing great mace {god gift}
 10425 | D:11     | Identified the +6 great mace "Goblinslayer" {vorpal,
                  | *Contam +Fly rN++ Dex-2} (Trog gifted it to you on level 11
                  | of the Dungeon)
 10472 | D:11     | Identified the +7 hunting sling "Qismarch" {venom, Str+4}
 10472 | D:11     | Noticed a boulder beetle
 10473 | D:11     | Noticed a centaur warrior
 10473 | D:11     | Noticed a centaur warrior
 10473 | D:11     | Noticed a skeletal warrior
 10474 | D:11     | Noticed a centaur warrior
 10474 | D:11     | Noticed a skeletal warrior
 10474 | D:11     | Noticed an ogre mage
 10492 | D:11     | Killed a centaur warrior
 10493 | D:11     | Killed a skeletal warrior
 10499 | D:11     | Killed a centaur warrior
 10849 | Lair:1   | Entered Level 1 of the Lair of Beasts
 10928 | Lair:1   | Found a dark tunnel.
 10928 | Lair:1   | Noticed a lindwurm
 10937 | Volcano  | Entered a volcano
 11277 | Volcano  | Reached XP level 12. HP: 97/108 MP: 11/11
 11308 | Volcano  | Noticed a two-headed ogre
 11309 | Volcano  | Noticed a red draconian
 11315 | Volcano  | Killed a two-headed ogre
 11341 | Volcano  | Found a bloodstained altar of Trog.
 11341 | Volcano  | Noticed a two-headed ogre
 11341 | Volcano  | Noticed an ogre mage
 11341 | Volcano  | Noticed a two-headed ogre
 11346 | Volcano  | Killed an ogre mage
 11354 | Volcano  | Killed a two-headed ogre
 11355 | Volcano  | Killed a two-headed ogre
 11355 | Volcano  | Reached skill level 15 in Axes
 11409 | Volcano  | Killed a red draconian
 11437 | Volcano  | Noticed a two-headed ogre
 11443 | Volcano  | Killed a two-headed ogre
 11445 | Volcano  | Noticed a two-headed ogre
 11469 | Volcano  | Killed a two-headed ogre
 11969 | D:10     | Got a shimmering battleaxe {god gift}
 11969 | D:10     | Identified the +6 battleaxe "Omex" {vorpal, Int+5} (Trog
                  | gifted it to you on level 10 of the Dungeon)
 12668 | Lair:1   | Noticed an eight-headed hydra
 12676 | Lair:1   | Killed a four-headed hydra
 12811 | Lair:1   | Reached skill level 16 in Axes
 13341 | Lair:2   | Reached XP level 13. HP: 85/119 MP: 12/12
 13721 | Lair:2   | Received a gift from Trog
 14549 | Lair:2   | Reached skill level 17 in Axes
 14901 | Lair:2   | Noticed a dire elephant
 14921 | Lair:2   | Found a runed translucent door.
 15089 | Lair:2   | Found a staircase to the Shoals.
 15377 | Lair:2   | Found a staircase to the Swamp.
 15459 | Lair:2   | Killed a dire elephant
 15920 | Lair:3   | Received a gift from Trog
 16031 | Lair:3   | Reached skill level 1 in Stealth
 16207 | Lair:3   | Reached skill level 18 in Axes
 16779 | Lair:3   | Reached XP level 14. HP: 130/130 MP: 13/13
 18652 | Lair:5   | Noticed Josephine
 18669 | Lair:5   | Killed Josephine
 18675 | Lair:5   | Received a gift from Trog
 19268 | Lair:6   | Entered Level 6 of the Lair of Beasts
 19274 | Lair:6   | Noticed Snorg
 19363 | Lair:6   | Reached skill level 19 in Axes
 19373 | Lair:6   | Killed Snorg
 19744 | Lair:6   | Found a staircase to the Slime Pits.
 20170 | Lair:6   | Reached skill level 15 in Armour
 20384 | Lair:6   | Reached skill level 10 in Dodging
 21026 | Lair:6   | Found a runed translucent door.
 21043 | Lair:6   | Paralysed by a hornet for 3 turns
 21096 | Lair:6   | Reached skill level 15 in Fighting
 21229 | Lair:6   | Paralysed by a hornet for 3 turns
 21520 | Lair:6   | Reached XP level 15. HP: 128/141 MP: 14/14
 22522 | D:11     | Got an ichor-stained robe
 22551 | D:11     | Found a runed translucent gate.
 22551 | D:11     | Found a runed translucent gate.
 22551 | D:11     | Noticed Maimakterion's ghost (journeyman OpTm)
 22552 | D:11     | Found a runed translucent gate.
 22552 | D:11     | Noticed muata's ghost (journeyman MiBe)
 22753 | D:11     | Identified the +1 robe of Heucs {rPois Regen+ Int+2} (You
                  | found it on level 11 of the Dungeon)
 22822 | D:11     | Killed muata's ghost
 22825 | D:11     | Killed Maimakterion's ghost
 22872 | D:12     | Found a staircase to the Orcish Mines.
 23287 | D:12     | Found a shimmering altar of Xom.
 23560 | D:13     | Reached skill level 20 in Axes
 23669 | D:13     | Noticed Maurice
 23680 | D:13     | Killed Maurice
 23722 | D:13     | Noticed Rupert
 23735 | D:13     | HP: 4/211 [Rupert/+4 great mace of draining (29)]
 23736 | D:13     | Killed Rupert
 23991 | D:13     | Received a gift from Trog
 24079 | D:13     | Noticed Nessos
 24087 | D:13     | Killed Nessos
 24410 | D:13     | Found a gate to the Vaults.
 24574 | D:13     | Noticed Urug
 24585 | D:13     | Killed Urug
 25138 | D:14     | Received a gift from Trog
 25153 | D:14     | Reached ****** piety under Trog
 25203 | D:14     | Found a gate leading to a gauntlet.
 25217 | Gauntlet | Entered a Gauntlet
 25217 | Gauntlet | Found a transporter.
 25217 | Gauntlet | Found a transporter.
 25456 | Gauntlet | Found a transporter.
 25457 | Gauntlet | Found a transporter.
 25467 | Gauntlet | Found a transporter.
 25533 | Gauntlet | Found a transporter.
 25543 | Gauntlet | Found a transporter.
 25559 | Gauntlet | Found a transporter.
 25571 | Gauntlet | Found a transporter.
 25584 | Gauntlet | Found a transporter.
 25590 | Gauntlet | Found a transporter.
 25611 | Gauntlet | Found a transporter.
 25741 | Gauntlet | Got a smoking tin ring
 25743 | Gauntlet | Identified the ring of Hileolu {MP-9 Str+6 Int+2 Dex+3}
                  | (You found it in a Gauntlet)
 25763 | Gauntlet | Gained mutation: Armour fits poorly on your strangely
                  | shaped body. [a neqoxec]
 25784 | Gauntlet | Got a pair of dazzling boots
 25794 | Gauntlet | Identified the +2 pair of boots of Giethuff {rF+} (You
                  | found it in a Gauntlet)
 26377 | D:14     | Found a radiant altar of Vehumet.
 26777 | Orc:1    | Entered Level 1 of the Orcish Mines
 27021 | Orc:1    | Noticed Erica
 27040 | Orc:1    | Killed Erica
 27250 | Orc:2    | Entered Level 2 of the Orcish Mines
 27495 | Orc:2    | Reached XP level 16. HP: 123/152 MP: 6/15
 27498 | Orc:2    | Gained mutation: Your body sometimes deteriorates upon
                  | taking damage. [a neqoxec]
 27499 | Orc:2    | Gained mutation: You do not regenerate when monsters are
                  | visible. [a neqoxec]
 27502 | Orc:2    | Received a gift from Trog
 28141 | Orc:2    | Found Peil Uluoff's Armour Shoppe.
 28141 | Orc:2    | Found Jieteah's Distillery.
 28142 | Orc:2    | Found Danlooq's Gadget Emporium.
 28145 | Orc:2    | Found Ublegh's Jewellery Shoppe.
 28159 | Orc:2    | Bought a potion of heal wounds for 70 gold pieces
 28159 | Orc:2    | Bought a potion of curing for 42 gold pieces
 28159 | Orc:2    | Bought a potion of curing for 42 gold pieces
 28159 | Orc:2    | Bought a potion of curing for 42 gold pieces
 28159 | Orc:2    | Bought a potion of curing for 42 gold pieces
 28159 | Orc:2    | Bought a potion of might for 56 gold pieces
 28159 | Orc:2    | Bought a potion of might for 56 gold pieces
 28282 | Orc:2    | Found a staircase to the Elven Halls.
 28372 | Orc:2    | Found a runed translucent gate.
 28372 | Orc:2    | Found a runed translucent gate.
 28374 | Orc:2    | Found a runed translucent gate.
 28375 | Orc:2    | Noticed Zonian's ghost (adept GnTm)
 28376 | Orc:2    | Identified the +5 morningstar "Omaha" {vorpal, rElec Int+3}
 28377 | Orc:2    | Identified the ring "Xuittot" {EV+4 Slay+2}
 28553 | Orc:2    | Found a roughly hewn altar of Beogh.
 28591 | Orc:2    | Killed Zonian's ghost
 28591 | Orc:2    | Reached skill level 21 in Axes
 28835 | Elf:1    | Entered Level 1 of the Elven Halls
 28974 | Elf:1    | Found a radiant altar of Vehumet.
 29365 | Elf:1    | Received a gift from Trog
 30386 | Elf:1    | Noticed Jorgrun
 30396 | Elf:1    | Killed Jorgrun
 30865 | Elf:2    | Found Weiq's Jewellery Emporium.
 31134 | Elf:2    | Bought the ring of the Scarab {rElec rN+ Stlth+} for 368
                  | gold pieces
 31191 | Elf:2    | Found Ruvufer's Book Emporium.
 31337 | Elf:2    | Found Cimytzi's Assorted Antiques.
 31345 | Elf:2    | Bought a potion of heal wounds for 145 gold pieces
 31345 | Elf:2    | Bought a scroll of teleportation for 87 gold pieces
 31345 | Elf:2    | Bought a potion of curing for 87 gold pieces
 31345 | Elf:2    | Bought a scroll of remove curse for 87 gold pieces
 31457 | Elf:2    | Found Viuwopan's Assorted Antiques.
 31460 | Elf:2    | Bought a potion of curing for 78 gold pieces
 31528 | Elf:2    | Reached skill level 22 in Axes
 31824 | Elf:2    | Found a huge runed translucent gate.
 31825 | Elf:2    | Found a huge runed translucent gate.
 31832 | Elf:2    | Found a huge runed translucent gate.
 31832 | Elf:2    | Found a huge runed translucent gate.
 31832 | Elf:2    | Found a huge runed translucent gate.
 31974 | Elf:2    | Received a gift from Trog
 31989 | Elf:2    | Reached XP level 17. HP: 163/163 MP: 7/16
 32429 | Elf:2    | Noticed a deep elf blademaster
 32445 | Elf:2    | Killed a deep elf blademaster
 33117 | Elf:3    | Entered Level 3 of the Elven Halls
 34302 | Elf:3    | Noticed a deep elf blademaster
 34324 | Elf:3    | Killed a deep elf blademaster
 34340 | Elf:3    | Noticed a deep elf blademaster
 34348 | Elf:3    | Killed a deep elf blademaster
 34356 | Elf:3    | Received a gift from Trog
 34358 | Elf:3    | Reached skill level 23 in Axes
 34359 | Elf:3    | Identified the +1 leather armour of Koupynn {rElec}
 34359 | Elf:3    | Noticed a deep elf master archer
 34371 | Elf:3    | Killed from afar by a deep elf high priest

Illustrated notes

Levels and vault maps discovered:
D:1:      lightli_arrival_isolated_outpost, layout_basic, chequers_big_river
D:2:      cheibrodos_old_hovel, layout_loops_ring, st_stairs_5,
          ebering_dispersal_statue_hall, minmay_crystal_room,
          minmay_misc_feat_four_crosses, fedhas_altar_2, uniq_jessica
D:3:      layout_loops_ring, nicolae_ru_path_of_blood,
          gammafunk_ghost_mausoleum, chequers_serial_rivers_small_b
D:4:      layout_cave_pools, nicolae_overflow_crystal_walls
D:5:      layout_basic, kennysheep_mini_moat,
          minmay_temple_entry_statues_fountains, basic_altar
D:6:      layout_basic, lemuel_crystal_altar
D:7:      layout_basic, kennysheep_little_box, okawaru_ov_weapons_minmay,
          gammafunk_ghost_wrathful_warriors, interstate_on_off,
          minmay_stone_trees_large, grunt_ministairs_13
D:8:      layout_loops_ring, grunt_temple_overflow_open, basic_altar,
          grunt_livestock
D:9:      layout_stronghold, dpeg_lair_monsters, uniq_prince_ribbit1,
          uniq_gastronok
D:10:     minmay_thinvault, layout_cave_pools
D:11:     layout_loops_ring, gammafunk_ghost_cemetery, minivault_28, uniq_grum
D:12:     layout_basic, orc_0_dummy, basic_altar, serial_bayou_pond_d, hex_tiny
D:13:     layout_basic, grunt_vaults_entry_tiered, uniq_rupert, uniq_nessos,
          uniq_maurice, uniq_urug
D:14:     layout_small_grid, chequers_serial_rivers_large_b,
          gauntlet_entry_generic, lemuel_altar_in_water
Lair:1:   layout_regular_city, nicolae_volcano_entry_vermiform,
          beast_lair_carwin_7
Lair:2:   gammafunk_lair_enchanted_lake, layout_cave_pods,
          minmay_swamp_entry_swarm, elwin_shoals_entry_stream,
          zaba_antful_of_joy
Lair:3:   layout_regular_city, minmay_stone_trees_small
Lair:4:   nzn_motion_control, layout_concentric_octagons,
          infiniplex_staircase_pool_2
Lair:5:   layout_hall_layers, serial_bayou_shore_b, uniq_josephine
Lair:6:   wormcave, layout_gridlike, nicolae_slime_entry_slimehenge, uniq_snorg
Orc:1:    cheibrodos_orc_bank, layout_caves, uniq_erica
Orc:2:    st_orc_mages, layout_caves, biasface_ghost_orc_armoury
Elf:1:    eino_elf_arrival_altar, layout_geoelf_diagonals, minivault_28,
          patterned_corridor, uniq_jorgrun
Elf:2:    layout_gridlike, serial_shops, shop, nicolae_shop_trees, shop, shop
Elf:3:    minmay_elf_hall_not_hex, layout_loops_corners, serial_shops, shop,
          tgw_sif

Skill      XL: |  1  2  3  4  5  6  7  8  9 10 11 12 13 14 15 16 17 |
---------------+----------------------------------------------------+-----
Axes           | 4 5 6 7 8 10 11 13 14 16 18 19 20 22 23 | 23.0
Fighting       | 4 5 6 8 9 10 12 13 15 16 17 18 | 18.4
Armour         | 3 4 5 7 10 11 12 13 14 15 16 17 | 17.0
Dodging        | 3 4 5 6 7 8 9 10 11 12 | 12.2
Stealth        | 1 2 |  2.3
Evocations     | |  0.8

Action                   |  1- 3 |  4- 6 |  7- 9 | 10-12 | 13-15 | 16-18 || total
-------------------------+-------+-------+-------+-------+-------+-------++-------
Melee: Hand axe          |    76 |    93 |   394 |   417 |       |       ||   980
       Headbutt          |     6 |    17 |    77 |   117 |   219 |   103 ||   539
       Battleaxe         |       |       |       |   114 |  1037 |   136 ||  1287
       Executioner's axe |       |       |       |       |       |   296 ||   296
Invok: Berserk           |     1 |     1 |     3 |     5 |    17 |     8 ||    35
       Brothers in Arms  |       |       |       |     3 |     6 |     3 ||    12
       Trog's Hand       |       |       |       |     3 |     3 |       ||     6
Evoke: Wand              |       |       |       |       |       |     7 ||     7
  Use: Scroll            |       |       |     9 |     5 |    22 |     3 ||    39
       Potion            |       |       |       |     6 |     1 |     3 ||    10
 Stab: Petrified         |       |       |       |       |     2 |       ||     2
       Sleeping          |       |       |       |       |     5 |       ||     5
       Distracted        |       |       |       |       |     1 |       ||     1
       Invisible         |       |       |       |       |       |     1 ||     1
Armor: Animal skin       |     7 |       |       |       |       |       ||     7
       Plate armour      |    27 |    53 |   191 |   159 |       |       ||   430
       Chain mail        |     4 |       |       |    71 |   392 |   125 ||   592
       Robe              |       |       |       |       |    25 |       ||    25
Dodge: Dodged            |    44 |    31 |   150 |   276 |   597 |   218 ||  1316
Block: Other             |       |       |       |       |    98 |    71 ||   169
       Reflection        |       |       |       |       |     2 |     8 ||    10

Table legend: (Time is in decaauts)
 A = Elapsed time spent in this place.
 B = Non-inter-level travel time spent in this place.
 C = Inter-level travel time spent in this place.
 D = Time resting spent in this place.
 E = Time spent auto-exploring this place.
 F = Levels seen in this place.
 G = Mean time per level.
                   A        B        C        D        E       F      G
               +--------+--------+--------+--------+--------+-----+--------+
         Total |  34322 |  32671 |   1651 |   3049 |  24412 |  27 | 1271.2 |
       Dungeon |  14822 |  13919 |    903 |    890 |  10648 |  14 | 1058.7 |
          Lair |  10106 |   9526 |    580 |    780 |   7500 |   6 | 1684.3 |
  Orcish Mines |   2028 |   1956 |     72 |    317 |   1252 |   2 | 1014.0 |
   Elven Halls |   5547 |   5452 |     95 |    938 |   3681 |   3 | 1849.0 |
       Volcano |    946 |    946 |      0 |    123 |    576 |   1 |  946.0 |
      Gauntlet |    871 |    871 |      0 |      0 |    754 |   1 |  871.0 |
               +--------+--------+--------+--------+--------+-----+--------+

Top non-repeatable levels by time:
  Lair:2: 2603 daAuts
  Lair:6: 2401 daAuts
   Elf:1: 2251 daAuts
   Elf:2: 2055 daAuts
     D:9: 1706 daAuts
    D:13: 1644 daAuts
    D:10: 1590 daAuts
   Orc:2: 1550 daAuts
  Lair:1: 1461 daAuts
    D:11: 1409 daAuts
  Lair:4: 1381 daAuts
   Elf:3: 1240 daAuts
  Lair:3: 1230 daAuts
     D:1: 1204 daAuts
     D:7: 1103 daAuts
